Map: Tourmaline LE

Players

Ares - Winner!

  • Race: Protoss Protoss
  • League: Diamond
  • Spawn Location: 7:00

AMCHOLDER

  • Race: Zerg Zerg
  • League: Diamond
  • Spawn Location: 1:00

VOD

Have the link to the VOD?

Description

Time

  • Played on: Dec. 26, 2025, 6:16 a.m.
  • Length: 8:25
Show
View Real Time Build Order
Export as new Build Order

Ares Protoss - Winner!

Build Orders: 1 Gate Expand, Zealot Archon, Dark Templar Rush 

Get SALT Encoding   

  12  0:00  Probe  
  13  0:12  Probe  
  14  0:19  Pylon  
  14  0:25  Probe  
  15  0:36  Probe  
  15  0:39  Gateway  
  16  0:44  Probe  
  17  0:50  Assimilator  
  17  0:54  Probe  
  18  1:07  Probe  
  19  1:19  Probe  
  20  1:28  Nexus  
  20  1:39  Cybernetics Core  
  20  1:42  Probe  
  21  1:51  Pylon  
  21  1:55  Assimilator  
  21  1:57  Probe  
  22  2:06  Stalker  
  22  2:11  Probe  
  23  2:22  Warp Gate  
  25  2:26  Probe  
  26  2:37  Probe, Adept, Robotics Facility  
  26  2:40  Probe  
  30  2:45  Probe  
  31  2:52  Probe  
  31  2:54  Twilight Council  
  31  2:55  Probe  
  33  3:05  Probe  
  34  3:07  Probe  
  35  3:17  Probe  
  35  3:19  Probe  
  37  3:29  Probe  
  37  3:31  Probe, Dark Shrine  
  37  3:33  Gateway  
  39  3:41  Probe  
  40  3:47  Probe  
  40  3:48  Gateway  
  41  3:51  Gateway  
  41  3:53  Probe  
  41  3:55  Warp Prism  
  40  4:03  Probe  
  40  4:05  Probe  
  44  4:11  Shield Battery  
  44  4:17  Assimilator  
  44  4:19  Assimilator  
  44  4:23  Pylon  
  44  4:30  Pylon  
  44  4:48  Dark Templar x3  
  44  4:49  Dark Templar  
  52  4:58  Immortal  
  52  5:06  Probe x2  
  58  5:08  Gateway  
  58  5:09  Charge, Gateway  
  58  5:10  Gateway  
  58  5:18  Probe  
  59  5:21  Zealot  
  61  5:30  Pylon  
  61  5:32  Pylon  
  61  5:43  Nexus  
  61  5:46  Pylon  
  61  5:48  Pylon  
  61  6:00  Immortal  
  65  6:08  Zealot x4  
  73  6:12  Shield Battery  
  73  6:19  Probe x2  
  73  6:25  Dark Templar x3  
  81  6:29  Shield Battery  
  81  6:33  Archon x2  
  81  6:46  Forge  
  81  6:48  Gateway  
  81  6:50  Gateway  
  81  6:51  Observer  
  81  6:52  Stalker x2  
  81  6:54  Gateway  
  86  6:56  Pylon  
  86  6:58  Probe x2  
  88  7:03  Archon  
  88  7:07  Dark Templar x2  
  92  7:09  Assimilator  
  92  7:13  Archon  
  92  7:15  Assimilator  
  92  7:25  Zealot x4  
  92  7:28  Immortal  
  86  7:36  Zealot  
  86  7:55  Zealot x5  
  86  7:56  Zealot  
  98  8:13  Sentry  
  98  8:14  Sentry x3  
  104  8:20  Dark Templar x3  
Show
View Real Time Build Order
Export as new Build Order

AMCHOLDER Zerg 

Build Orders: Hatch First 

Get SALT Encoding   

  12  0:01  Drone  
  13  0:08  Drone  
  14  0:14  Extractor  
  14  0:16  Drone  
  15  0:24  Overlord  
  15  0:42  Hatchery  
  14  0:46  Drone  
  14  0:49  Drone  
  16  0:53  Drone  
  17  0:59  Drone  
  18  1:07  Extractor  
  17  1:13  Spawning Pool  
  17  1:15  Drone  
  17  1:20  Drone  
  18  1:30  Drone  
  19  1:41  Drone  
  20  1:52  Drone  
  21  2:00  Queen x2  
  25  2:01  Zergling x2  
  25  2:02  Zergling x2  
  25  2:05  Overlord  
  27  2:12  Drone  
  27  2:13  Metabolic Boost  
  28  2:32  Drone  
  28  2:33  Hatchery  
  28  2:34  Drone  
  29  2:37  Drone  
  29  2:41  Drone  
  29  2:42  Drone  
  32  2:47  Overlord  
  32  2:52  Overlord  
  32  2:59  Queen  
  32  3:03  Drone  
  35  3:06  Drone  
  35  3:07  Drone  
  35  3:10  Drone  
  35  3:11  Drone  
  40  3:12  Drone  
  40  3:16  Drone  
  41  3:21  Evolution Chamber  
  41  3:22  Drone  
  41  3:23  Drone  
  42  3:30  Overlord  
  42  3:32  Overlord  
  42  3:40  Spore Crawler  
  41  3:41  Spore Crawler  
  41  3:42  Drone  
  41  3:43  Drone  
  41  3:45  Drone  
  41  3:46  Drone  
  41  3:48  Queen  
  46  3:50  Drone  
  45  4:03  Drone x2  
  47  4:12  Zerg Melee Weapons Level 1  
  47  4:14  Drone  
  47  4:15  Drone x9  
  57  4:21  Drone x4  
  61  4:32  Spore Crawler  
  61  4:35  Zergling x2  
  61  4:36  Zergling x4  
  63  4:41  Baneling Nest  
  63  4:42  Lair, Overlord  
  63  4:43  Overlord  
  62  4:47  Zergling x6  
  62  4:48  Zergling x2  
  66  5:04  Zergling x2  
  66  5:05  Zergling x14  
  70  5:16  Roach Warren  
  70  5:18  Spine Crawler  
  70  5:19  Spine Crawler  
  67  5:24  Zergling x12  
  67  5:26  Spine Crawler  
  71  5:28  Spine Crawler  
  71  5:29  Spine Crawler  
  71  5:31  Extractor  
  71  5:32  Drone  
  71  5:33  Drone x2  
  71  5:34  Extractor x2  
  69  5:43  Spore Crawler  
  69  5:45  Zergling x4  
  69  5:58  Drone x2  
  69  5:59  Spire  
  69  6:02  Drone  
  69  6:03  Drone  
  72  6:08  Baneling x5  
  72  6:09  Zergling x8  
  74  6:17  Overseer  
  74  6:21  Zergling x2  
  74  6:22  Zergling x2  
  76  6:27  Overlord  
  76  6:28  Overlord x2  
  76  6:32  Overseer  
  76  6:47  Roach x6  
  76  6:53  Roach  
  90  7:00  Overlord x3  
  90  7:02  Overlord x2  
  90  7:04  Roach  
  65  7:39  Zergling x12  
  69  7:48  Zergling x12  
  75  7:55  Hatchery  
  76  8:03  Zergling x4  
  76  8:04  Baneling Nest  
Tags
 
Add a new tag
Caveats
  • Supply blocks, unpowered buildings, or Contaminate may cause inaccurate times.
  • Supply counts are checked every 10 seconds.